 Seeded DCSS version 0.31-a0-208-gdb31a4691d (webtiles) character file.

Game seed: 10414033630809901341 (custom seed)

262 innerfire43 the Trooper (level 5, 0/44 HPs)
             Began as a Demonspawn Monk on June 28, 2023.
             Killed from afar by a kobold (11 damage)
             ... with a puff of flame
             ... on level 3 of the Dungeon.
             The game lasted 00:02:11 (2054 turns).

innerfire43 the Trooper (Demonspawn Monk)           Turns: 2054, Time: 00:02:11

Health: 0/44       AC:  3    Str: 14    XL:     5   Next: 97%
Magic:  5/5        EV: 12    Int: 11    God:
Gold:   106        SH:  5    Dex: 15    Spells: 4/4 levels left

rFire   . . .        p - +9 great sword of Sewiefups {heavy, Stlth+}
rCold   . . .        (shield currently unavailable)
rNeg    . . .        b - +0 robe
rPois   .            (no helmet)
rElec   .            (no cloak)
rCorr   .            m - +0 pair of gloves
SInv    .            (no boots)
Will    .....        h - amulet of reflection
Stlth   ++           k - +4 ring of slaying
HPRegen 0.27/turn    (no ring)
MPRegen 0.09/turn

%: reflection
@: no status effects
A: hooves 2, demonic guardian 1
a: no special abilities


You were on level 3 of the Dungeon.
You visited 1 branch of the dungeon, and saw 3 of its levels.

You collected 106 gold pieces.

Inventory:

Hand Weapons
 a - a +0 falchion
 p - the +9 great sword of Sewiefups (weapon) {heavy, Stlth+}
   (You found it on level 2 of the Dungeon)

   Stlth:     It makes you more stealthy.
Armour
 b - a +0 robe (worn)
 d - an orb of light
 m - a +0 pair of gloves (worn)
Jewellery
 h - an amulet of reflection (around neck)
 k - a +4 ring of slaying (left hand)
Scrolls
 e - 3 scrolls of identify {unknown}
 g - 3 scrolls of teleportation {unknown}
 i - a scroll of blinking {unknown}
 j - a scroll of fog {unknown}
 l - 3 scrolls of revelation {unknown}
 n - 2 scrolls of fear {unknown}
 o - a scroll of immolation {unknown}
Potions
 c - 2 potions of ambrosia
 q - 2 potions of curing {unknown}


   Skills:
 * Level 5.2 Fighting
 * Level 4.7 Long Blades
 - Level 2.6 Dodging


You had 4 spell levels left.
You didn't know any spells.
Your spell library was empty.

Dungeon Overview and Level Annotations

Branches:
Dungeon (3/15)

Altars:

Annotations:
D:3 ZoeForever1's ghost, amateur DrTm


Innate Abilities, Weirdness & Mutations

You have hoof-like feet.
A weak demonic guardian rushes to your aid.


Message History

You are poisoned.
You closely miss the kobold. Your kick misses the kobold.
You feel very sick. The kobold misses you.
You slash the kobold brigand!
You kill the kobold brigand!
You feel very sick. The kobold hits you but does no damage.
You are lethally poisoned!
Your Fighting skill increases to level 5!
Unknown command.
You slice the kobold!!
You kill the kobold!
* * * LOW HITPOINT WARNING * * *
You feel very sick. The kobold hits you but does no damage.
The kobold hits you with a +0 dagger.
* * * LOW HITPOINT WARNING * * *
A demonic guardian appears!
It was a potion of heal wounds.
You feel much better.
You feel sick. You block the kobold's attack.
You closely miss the kobold.
You feel very sick. You block the kobold's attack.
The kobold hits you but does no damage.
You slice the kobold!!
You kill the kobold!
You feel sick.
The kobold zaps a wand.
The puff of flame hits you!
* * * LOW HITPOINT WARNING * * *
You barely miss the kobold.
You feel sick.
You are no longer poisoned.
The kobold hits you with a +0 dagger.
* * * LOW HITPOINT WARNING * * *
The kobold closely misses you.
You barely miss the kobold. The kobold barely misses you.
The kobold hits you but does no damage.
ZoeForever1's ghost flexes its fingers.
You block the kobold's attack.
Unknown command.
You closely miss the kobold. Your kick misses the kobold.
The kobold zaps a wand.
The puff of flame hits you!
You die...

#.#...K.# #####.###
##.K.###.. #........
#..'.....[##.##...#.
#..'.###.$#.........
#..#W....###.#......
#K.##~⌠P## #........
#...##### #####.##.
#W###.# #....
#KK@5.# #.###
#####.# #.## #.#
#...## #.## ##.....#
#..## ##.......
##...####........
#........).......
##...####.....>..
##..# ##.......


You could see ZoeForever1's ghost, 2 kobolds and a friendly shadow imp
(summoned).

Vanquished Creatures
  A kobold brigand (D:3)
  A jelly (D:3)
  Terence (D:2)
  4 adders
  2 worms
  2 dart slugs
  6 orcs (D:3)
  8 bats
  5 endoplasms (D:1)
  A giant cockroach (D:1)
  7 goblins
  4 hobgoblins
  6 jackals
  8 kobolds
  4 quokkas
  6 ball pythons
  4 frilled lizards
  3 rats (D:1)
73 creatures vanquished.

Vanquished Creatures (collateral kills)
  An orc (D:3)
  A jackal (D:1)
  A rat (D:1)
3 creatures vanquished.

Grand Total: 76 creatures vanquished

Notes
Turn   | Place    | Note
-------+----------+-------------------------------------------
     0 | D:1      | innerfire43 the Demonspawn Monk began the quest for the
                  | Orb.
     0 | D:1      | Reached XP level 1. HP: 18/18 MP: 1/1
    93 | D:1      | Gained mutation: A weak demonic guardian rushes to your
                  | aid. [demonic ancestry]
    93 | D:1      | Reached XP level 2. HP: 19/24 MP: 2/2
   598 | D:1      | Discovered your monstrous ancestry.
   598 | D:1      | Gained mutation: You have large cloven feet. [demonic
                  | ancestry]
   598 | D:1      | Reached XP level 3. HP: 29/29 MP: 3/3
   962 | D:2      | Reached skill level 4 in Fighting
  1087 | D:2      | Identified the +9 great sword of Sewiefups {heavy, Stlth+}
  1119 | D:2      | Gained mutation: You have hoof-like feet. [demonic
                  | ancestry]
  1119 | D:2      | Reached XP level 4. HP: 37/37 MP: 4/4
  1250 | D:2      | Noticed Terence
  1255 | D:2      | Killed Terence
  1785 | D:3      | Found a faded altar of an unknown god.
  1849 | D:3      | Reached XP level 5. HP: 41/43 MP: 5/5
  1981 | D:3      | Found a runed translucent gate.
  1981 | D:3      | Found a runed translucent gate.
  1981 | D:3      | Found a runed translucent gate.
  1984 | D:3      | Noticed ZoeForever1's ghost (amateur DrTm)
  2048 | D:3      | Reached skill level 5 in Fighting
  2054 | D:3      | Killed from afar by a kobold

Illustrated notes

Levels and vault maps discovered:
D:1:      heliophobic_arrival_henge, layout_basic
D:2:      layout_rooms, uniq_terence
D:3:      layout_loops_corners, mainiacjoe_overflow_cross_hatched,
          nicolae_wu_jian_immortal_techniques, gammafunk_ghost_nasty_kobolds,
          shapermc_ecumenical_altar_flowoftime

Skill      XL: |  1  2  3  4  5 |
---------------+----------------+-----
Long Blades    | 3 4 |  4.7
Fighting       | 4 5 |  5.2
Dodging        | |  2.6

Action                     |  1- 3 |  4- 6 || total
---------------------------+-------+-------++-------
  Melee: Falchion          |    73 |       ||    73
         Kick              |     5 |     4 ||     9
         Great sword       |     1 |    51 ||    52
    Use: Potion            |       |     1 ||     1
   Stab: Sleeping          |     1 |     2 ||     3
 Armour: Robe              |    15 |    16 ||    31
  Dodge: Dodged            |    42 |    37 ||    79
  Block: Orb               |     3 |       ||     3
         Other             |       |    22 ||    22
         Reflection        |       |     1 ||     1

Table legend: (Time is in decaauts)
 A = Elapsed time spent in this place.
 B = Non-inter-level travel time spent in this place.
 C = Inter-level travel time spent in this place.
 D = Time resting spent in this place.
 E = Time spent auto-exploring this place.
 F = Levels seen in this place.
 G = Mean time per level.
                   A        B        C        D        E       F      G
               +--------+--------+--------+--------+--------+-----+--------+
         Total |   2125 |   2071 |     54 |      0 |   1605 |   3 |  708.3 |
       Dungeon |   2125 |   2071 |     54 |      0 |   1605 |   3 |  708.3 |
               +--------+--------+--------+--------+--------+-----+--------+

Top non-repeatable levels by time:
     D:1: 844 daAuts
     D:3: 727 daAuts
     D:2: 554 daAuts
